 Dungeon Crawl Stone Soup version 0.22-a0-617-g6d95e9e (webtiles) character file.

46240 galech the Basher (level 14, -1/157 HPs)
             Began as an Ogre Berserker on July 12, 2018.
             Was a High Priest of Trog.
             Slain by a fire crab (shapeshifter) (22 damage)
             ... on level 13 of the Dungeon.
             The game lasted 00:32:39 (18121 turns).

galech the Basher (Ogre Berserker)                 Turns: 18121, Time: 00:32:41

Health: -1/157     AC: 19    Str: 24    XL:     14   Next: 36%
Magic:  14/14      EV: 15    Int:  8    God:    Trog [*****.]
Gold:   1320       SH:  4    Dex: 16    Spells: 13/13 levels left

rFire    x . .     SeeInvis +   F - +11 great mace "Maeg" {crush, rPois rF- Dex+4 SInv}
rCold    + . .     Gourm    .   (shield currently unavailable)
rNeg     . . .     Faith    .   Q - +2 swamp dragon scales
rPois    +         Spirit   .   (helmet restricted)
rElec    .         Reflect  +   a - +1 cloak
rCorr    .         Harm     .   (gloves unavailable)
MR       +....                  (boots unavailable)
Stlth    +++.......             G - +4 amulet of reflection
HPRegen  0.36/turn              e - +6 ring of protection
MPRegen  0.14/turn              C - ring of protection from cold

@: no status effects
A: large, unfitting armour, tough skin 1
a: Berserk, Trog's Hand, Brothers in Arms, Renounce Religion


You were on level 13 of the Dungeon.
You worshipped Trog.
Trog was extremely pleased with you.
You were not hungry.

You visited 2 branches of the dungeon, and saw 15 of its levels.
You also visited: Ice Cave.

You collected 1725 gold pieces.
You spent 405 gold pieces at shops.

Inventory:

Hand Weapons
 y - the +8 long sword of Xeexkuj {protect, rElec rF+ MP+9}
   (You found it on level 8 of the Dungeon)

   It protects the one who uses it against injury (+AC on strike).
   It protects you from fire.
   It insulates you from electricity.
   It affects your magic capacity (+9).
 F - the +11 great mace "Maeg" (weapon) {crush, rPois rF- Dex+4 SInv}
   (Trog gifted it to you on level 10 of the Dungeon)

   It inflicts extra damage upon your enemies.
   It affects your dexterity (+4).
   It makes you vulnerable to fire.
   It protects you from poison.
   It lets you see invisible.
 I - a +2 whip of flaming
 K - the +6 mace "Kistooge" {protect, -Tele +Fly rPois rC-}
   (You found it on level 9 of the Dungeon)

   It protects the one who uses it against injury (+AC on strike).
   It makes you vulnerable to cold.
   It protects you from poison.
   It lets you fly.
   It prevents most forms of teleportation.
 S - a +5 double sword of holy wrath
 T - a +5 giant spiked club
Armour
 a - a +1 cloak (worn)
 w - a +0 shield
 M - a +0 troll leather armour
 P - a +2 robe of positive energy
 Q - +2 swamp dragon scales (worn)
Jewellery
 e - a +6 ring of protection (left hand)
 x - an uncursed ring of positive energy
 z - an uncursed ring of poison resistance
 A - an uncursed amulet of regeneration
 C - a ring of protection from cold (right hand)
 G - a +4 amulet of reflection (around neck)
 N - an uncursed ring of protection from fire
Wands
 u - a wand of random effects (48)
 v - a wand of clouds (4)
 E - a wand of disintegration (24)
 J - a wand of polymorph (20)
 U - a wand of flame (27)
 W - a wand of enslavement (13)
Scrolls
 b - a scroll of noise
 d - 12 scrolls of teleportation
 h - 3 scrolls of blinking
 i - 5 scrolls of identify
 m - 4 scrolls of remove curse
 o - 2 scrolls of enchant armour
 p - a scroll of magic mapping
 q - 3 scrolls of enchant weapon
 t - 2 scrolls of fog
 H - 2 scrolls of vulnerability
 O - a scroll of random uselessness
 R - a scroll of immolation
Potions
 f - a potion of lignification {unknown}
 g - 13 potions of curing
 j - 5 potions of mutation {unknown}
 k - 4 potions of might
 l - 3 potions of brilliance {unknown}
 r - 2 potions of magic {unknown}
 s - a potion of agility {unknown}
 B - 2 potions of degeneration {unknown}
 D - 2 potions of invisibility
Comestibles
 c - 23 rations
 n - 6 chunks of flesh


   Skills:
 + Level 14.3 Fighting
 + Level 5.8 Long Blades
 + Level 14.9 Maces & Flails
 + Level 5.1 Armour
 + Level 9.2 Dodging
 + Level 5.6 Stealth
 + Level 0.6 Shields


You had 13 spell levels left.
You didn't know any spells.
Your spell library was empty.

Dungeon Overview and Level Annotations

Branches:
Dungeon (13/15)            Temple (0/1) D:4            Lair (0/6) D:11
    Orc (2/2) D:11            Elf (0/3) Orc:2
 Vaults: D:13-14

Altars:
Okawaru

Shops:
D:7 !   D:13 [   Orc:2 (*(}


Innate Abilities, Weirdness & Mutations

You are too large for most types of armour.
You have tough skin. (AC +1)


Message History

The fire crab breathes flames at you. The blast of flame engulfs you!
The fire burns you terribly!
You barely miss the fire crab.
You are engulfed in blazing flames.
The fire crab bites you but does no damage.
The fire crab claws you.
You are engulfed in flames!
The fire burns you terribly!
You sock the fire crab!
The fire crab is moderately wounded.
You are engulfed in blazing flames.
The fire crab bites you.
You are engulfed in flames!
The fire burns you terribly!
* * * LOW HITPOINT WARNING * * *
The fire crab claws you but does no damage.
You hit the fire crab.
The fire crab is moderately wounded.
You are engulfed in blazing flames.
* * * LOW HITPOINT WARNING * * *
The fire crab bites you.
* * * LOW HITPOINT WARNING * * *
You are engulfed in flames!!
The fire burns you terribly!
You die...

######...#
#...# ##..#
#.># #.#######
#######........
#.....§..$...[.
#.#####§.......
#....§@.§......
#[##.§t#####...
...§..§ ...
#!####### .. #


You could see a fire crab.

Vanquished Creatures
  An orc warlord (D:11)
  A stone giant (D:9)
  Josephine (D:12)
  A fire dragon (D:9)
  3 hydras
  4 two-headed ogres
  Urug (D:11)
  6 skeletal warriors
  An unseen horror (D:12)
  Pikel (D:7)
  An orc knight (Orc:2)
  A necromancer (IceCv)
  3 orc sorcerers (Orc:1)
  An ugly thing (D:12)
  2 cyclopes (D:12)
  A manticore (D:12)
  2 centaur zombies (D:12)
  Maurice (D:7)
  4 ice statues (IceCv)
  3 gargoyles
  2 rime drakes (D:12)
  A kobold demonologist (D:9)
  An efreet (D:13)
  A redback zombie (D:13)
  10 ice devils (IceCv)
  5 trolls
  3 hornets
  8 slime creatures
  2 dream sheep (D:12)
  2 hippogriffs
  6 spriggans (D:8)
  Sigmund (D:4)
  15 yaks
  2 vampires
  A shadow (D:12)
  A wyvern (D:9)
  6 wraiths
  A basilisk (shapeshifter) (D:13)
  2 vampire mosquitoes (D:12)
  Edmund (D:4)
  A hungry ghost (D:7)
  A steam dragon (D:12)
  7 wargs
  A soldier ant (D:11)
  Duvessa (D:7)
  An acid dragon (D:11)
  A water moccasin (D:5)
  7 sky beasts
  38 orc warriors
  6 ice beasts
  2 black bears
  An eye of draining (D:9)
  3 phantoms
  12 ogres
  15 centaurs
  5 big kobolds
  Blork the orc (D:4)
  A gnoll sergeant (D:8)
  5 bullfrogs
  Dowan (D:7)
  6 scorpions
  19 killer bees
  5 howler monkeys
  8 wights
  A bullfrog zombie (D:9)
  4 crimson imps
  A quasit (D:8)
  2 draconian simulacra (IceCv)
  11 orc priests
  3 hounds
  3 jellies
  20 orc wizards
  Crazy Yiuf (D:7)
  2 bullfrog skeletons (D:10)
  2 centaur skeletons
  Natasha (thrice) (D:2)
  4 iguanas
  A troll simulacrum (IceCv)
  11 worker ants
  A spriggan simulacrum (IceCv)
  2 centaur simulacra (IceCv)
  2 hound skeletons
  8 gnolls
  2 naga simulacra (IceCv)
  2 ogre simulacra (IceCv)
  8 adders
  2 oozes
  An adder zombie (D:7)
  2 dart slugs
  2 worms
  6 leopard geckos
  90 orcs
  4 ball pythons
  2 giant cockroaches
  9 goblins
  6 hobgoblins
  8 jackals
  9 kobolds
  5 quokkas
  5 bats
  5 frilled lizards
  A leopard gecko skeleton (D:4)
  2 quokka skeletons
  7 rats
  2 fungi (D:7)
520 creatures vanquished.

Vanquished Creatures (others)
  2 orc warriors (Orc:2)
  4 slaves (D:7)
  A bullfrog (D:7)
  A hound (D:7)
  An orc priest (D:7)
  An adder (D:7)
  4 orcs
14 creatures vanquished.

Grand Total: 534 creatures vanquished

Notes
Turn   | Place    | Note
-------+----------+-------------------------------------------
     0 | D:1      | galech the Ogre Berserker began the quest for the Orb.
     0 | D:1      | Reached XP level 1. HP: 24/24 MP: 1/1
   114 | D:1      | HP: 1/24 [jackal (3)]
   262 | D:1      | Reached XP level 2. HP: 19/32 MP: 2/2
   884 | D:2      | Reached XP level 3. HP: 40/40 MP: 3/3
   989 | D:2      | Reached ** piety under Trog
  1017 | D:2      | Found an iron altar of Okawaru.
  1069 | D:2      | Noticed Natasha
  1077 | D:2      | Killed Natasha
  1077 | D:2      | Reached XP level 4. HP: 49/49 MP: 4/4
  1145 | D:2      | Noticed Natasha
  1150 | D:2      | Killed Natasha
  1255 | D:2      | Noticed Natasha
  1271 | D:2      | Killed Natasha
  1271 | D:2      | Reached XP level 5. HP: 43/55 MP: 5/5
  1863 | D:2      | Reached skill level 5 in Fighting
  2333 | D:3      | Reached *** piety under Trog
  2362 | D:3      | Reached XP level 6. HP: 37/66 MP: 6/6
  2794 | D:4      | Noticed Blork the orc
  2809 | D:4      | Killed Blork the orc
  3108 | D:4      | Noticed Edmund
  3119 | D:4      | Noticed an ice beast
  3131 | D:4      | Killed an ice beast
  3131 | D:4      | Reached skill level 5 in Maces & Flails
  3131 | D:4      | Reached XP level 7. HP: 74/74 MP: 7/7
  3166 | D:4      | Reached skill level 1 in Stealth
  3567 | D:4      | Noticed Sigmund
  3575 | D:4      | Killed Sigmund
  3915 | D:4      | Killed Edmund
  3915 | D:4      | Reached XP level 8. HP: 12/84 MP: 8/8
  4418 | D:4      | Found a staircase to the Ecumenical Temple.
  4555 | D:5      | Entered Level 5 of the Dungeon
  4921 | D:5      | Reached **** piety under Trog
  5513 | D:5      | Reached skill level 5 in Dodging
  5536 | D:5      | Reached XP level 9. HP: 77/93 MP: 9/9
  7146 | D:7      | Noticed Pikel
  7160 | D:7      | Killed Pikel
  7160 | D:7      | Reached XP level 10. HP: 107/107 MP: 10/10
  7221 | D:7      | Noticed Dowan
  7222 | D:7      | Noticed Duvessa
  7233 | D:7      | Killed Duvessa
  7240 | D:7      | Killed Dowan
  7447 | D:7      | Reached ***** piety under Trog
  7548 | D:7      | Found Ymemefer's Distillery.
  7554 | D:7      | Reached skill level 10 in Maces & Flails
  7557 | D:7      | Bought a potion of curing for 30 gold pieces
  7557 | D:7      | Bought a potion of heal wounds for 50 gold pieces
  7557 | D:7      | Bought a potion of heal wounds for 50 gold pieces
  7557 | D:7      | Bought a potion of curing for 30 gold pieces
  7557 | D:7      | Bought a potion of curing for 30 gold pieces
  7557 | D:7      | Bought a potion of heal wounds for 50 gold pieces
  8109 | D:7      | Found a runed door.
  8113 | D:7      | Noticed Crazy Yiuf
  8120 | D:7      | Killed Crazy Yiuf
  8193 | D:8      | Noticed Maurice
  8322 | D:7      | Killed Maurice
  8388 | D:8      | Reached skill level 10 in Fighting
  8395 | D:8      | Got a smoking long sword
  8396 | D:8      | Identified the +8 long sword of Xeexkuj {protect, rElec rF+ MP+9} (You found it on level 8 of the Dungeon)
  8403 | D:8      | Noticed a two-headed ogre
  8723 | D:8      | Reached skill level 1 in Long Blades
  8885 | D:8      | Reached XP level 11. HP: 119/119 MP: 11/11
  9245 | D:8      | Killed a two-headed ogre
  9248 | D:8      | Received a gift from Trog
  9646 | D:9      | Reached skill level 5 in Long Blades
 10280 | D:9      | Got an ichor-stained mace
 10285 | D:9      | Identified the +6 mace "Kistooge" {protect, -Tele +Fly rPois rC-} (You found it on level 9 of the Dungeon)
 10417 | D:9      | Found a runed door.
 10823 | D:9      | Noticed a two-headed ogre
 10837 | D:9      | Killed a two-headed ogre
 11151 | D:9      | Noticed a stone giant
 11169 | D:9      | Killed a stone giant
 11169 | D:9      | Reached skill level 1 in Armour
 11268 | D:9      | Noticed a fire dragon
 11268 | D:9      | Noticed a six-headed hydra
 11276 | D:9      | Killed a six-headed hydra
 11276 | D:9      | Reached XP level 12. HP: 130/130 MP: 12/12
 11286 | D:9      | Killed a fire dragon
 11531 | D:10     | Entered Level 10 of the Dungeon
 11538 | D:10     | Reached skill level 5 in Stealth
 11611 | D:10     | Noticed a two-headed ogre
 11630 | D:10     | Killed a two-headed ogre
 11848 | D:10     | Received a gift from Trog
 11863 | D:10     | Got an ebony great mace {god gift}
 11864 | D:10     | Identified the +11 great mace "Maeg" {crush, rPois rF- Dex+4 SInv} (Trog gifted it to you on level 10 of the Dungeon)
 12118 | D:10     | Noticed a two-headed ogre
 12120 | D:10     | Killed a two-headed ogre
 12202 | D:10     | You fall through a shaft for 2 floors!
 12202 | D:12     | Noticed Josephine
 12215 | D:12     | Killed Josephine
 12302 | D:12     | Found a frozen archway.
 12345 | IceCv    | Entered an ice cave
 12744 | IceCv    | Reached XP level 13. HP: 141/141 MP: 13/13
 13040 | IceCv    | Got a polished war axe
 13041 | IceCv    | Identified the cursed +2 war axe "Luysauju" {freeze, Dex+2} (You found it in an ice cave)
 13180 | D:12     | HP: 1/144 [slime creature (13)]
 13184 | D:12     | Received a gift from Trog
 13920 | D:11     | Noticed Urug
 13931 | D:11     | Killed Urug
 14049 | D:11     | Found a staircase to the Orcish Mines.
 14256 | D:11     | Found a staircase to the Lair.
 14533 | Orc:1    | Entered Level 1 of the Orcish Mines
 14535 | Orc:1    | Noticed an orc warlord
 14548 | Orc:1    | Paralysed by an orc sorcerer for 2 turns
 14874 | D:11     | Killed an orc warlord
 15859 | Orc:2    | Entered Level 2 of the Orcish Mines
 15897 | Orc:2    | Reached XP level 14. HP: 115/154 MP: 14/14
 16619 | Orc:2    | Found a staircase to the Elven Halls.
 17074 | Orc:2    | Found Lecio's Antique Weapon Emporium.
 17074 | Orc:2    | Found Gooquk's Assorted Antiques.
 17076 | Orc:2    | Found Vunemaqe's Antique Weapon Shop.
 17078 | Orc:2    | Found Reiraciosch's Gadget Shoppe.
 17093 | Orc:2    | Bought a scroll of enchant weapon for 165 gold pieces
 17668 | D:12     | Reached skill level 5 in Armour
 17983 | D:13     | Found Istro's Armour Shoppe.
 18121 | D:13     | Slain by a fire crab (shapeshifter)

Vault maps used:
D:1:      grunt_arrival_crossed_arrows, serial_bayou_pond_b
D:2:      lemuel_crystal_altar, first_ration, uniq_natasha
D:4:      temple_hall_moat, uniq_sigmund, uniq_edmund, uniq_blork_the_orc
D:7:      serial_shops, kennysheep_mini, uniq_duvessa, uniq_pikel,
          uniq_crazy_yiuf_cottage
D:8:      kb_forest_paths, uniq_maurice
D:9:      minivault_13
D:11:     lair_entry_dummy, orc_0_dummy, uniq_urug
D:12:     portal_ice_cave_rime, hangedman_ranch, statue_in_the_mist_lemuel,
          uniq_josephine
D:13:     david_vaults_4, gammafunk_ghost_spectres, enter_trove_3, serial_shops,
          shop_coins, kennysheep_generic_room_5
Orc:1:    nooodl_orcs_dogs
Orc:2:    st_orc_rangers
IceCv:    ice_cave_tombish

Skill      XL: |  1  2  3  4  5  6  7  8  9 10 11 12 13 14 |
---------------+-------------------------------------------+-----
Dodging        | 3 4 5 6 7 8 9 |  9.2
Maces & Flails | 3 4 5 6 7 9 10 11 12 14 | 14.9
Fighting       | 5 6 7 9 10 11 12 13 14 | 14.3
Stealth        | 1 2 3 4 5 |  5.6
Long Blades    | 2 5 |  5.8
Armour         | 1 3 4 5 |  5.1
Shields        | |  0.6

Action                   |  1- 3 |  4- 6 |  7- 9 | 10-12 | 13-15 || total
-------------------------+-------+-------+-------+-------+-------++-------
Melee: Mace              |   103 |   165 |    33 |   199 |       ||   500
       Dire flail        |       |       |   214 |       |       ||   214
       Whip              |       |       |       |   215 |       ||   215
       Long sword        |       |       |       |   211 |       ||   211
       Great mace        |       |       |       |   113 |   481 ||   594
Invok: Berserk           |     2 |     5 |     7 |    16 |     7 ||    37
       Trog's Hand       |       |       |     2 |     6 |     5 ||    13
  Use: Scroll            |       |       |     6 |     7 |     7 ||    20
       Potion            |       |       |       |     3 |     1 ||     4
 Stab: Sleeping          |       |       |     5 |    19 |       ||    24
       Distracted        |       |       |       |     2 |     1 ||     3
  Eat: Chunk             |     2 |    11 |    17 |    27 |    24 ||    81
       Ration            |       |       |     1 |     4 |     1 ||     6
Armor: Animal skin       |    67 |    51 |    67 |   164 |       ||   349
       Troll leather arm |       |       |       |    92 |     5 ||    97
       Swamp dragon scal |       |       |       |       |   206 ||   206
Dodge: Dodged            |    86 |   119 |   115 |   422 |   417 ||  1159
Block: Other             |       |       |       |       |    54 ||    54
       Reflection        |       |       |       |       |    13 ||    13
       Rpst.: Long sword |       |       |       |    38 |       ||    38

Table legend:
 A = Spawn XP
 B = Non-spawn XP
 C = Spawn XP percentage of total XP
 D = Spawn monster count
 E = Non-spawn monster count
 F = Spawn count percentage of total count
 G = Total turns spent on level
                    A         B        C        D         E        F      G
               +---------+---------+-------+---------+---------+-------+---------
         Total |       0 |   66058 |   0.0 |       0 |     521 |   0.0 | 18121
               +---------+---------+-------+---------+---------+-------+---------
           D:1 |       0 |      23 |   0.0 |       0 |      14 |   0.0 |   735
           D:2 |       0 |     183 |   0.0 |       0 |      28 |   0.0 |  1162
           D:3 |       0 |     164 |   0.0 |       0 |      28 |   0.0 |   865
           D:4 |       0 |    1048 |   0.0 |       0 |      21 |   0.0 |  1793
           D:5 |       0 |    1092 |   0.0 |       0 |      22 |   0.0 |  1295
           D:6 |       0 |    1613 |   0.0 |       0 |      22 |   0.0 |  1296
           D:7 |       0 |    3061 |   0.0 |       0 |      38 |   0.0 |  1192
           D:8 |       0 |    5224 |   0.0 |       0 |      45 |   0.0 |  1303
           D:9 |       0 |    7359 |   0.0 |       0 |      44 |   0.0 |  1890
          D:10 |       0 |    3630 |   0.0 |       0 |      33 |   0.0 |   780
          D:11 |       0 |    9384 |   0.0 |       0 |      36 |   0.0 |  1415
          D:12 |       0 |   15855 |   0.0 |       0 |      61 |   0.0 |  1105
          D:13 |       0 |    1651 |   0.0 |       0 |      12 |   0.0 |   210
         Orc:1 |       0 |    4460 |   0.0 |       0 |      34 |   0.0 |  1274
         Orc:2 |       0 |    5429 |   0.0 |       0 |      58 |   0.0 |  1023
         IceCv |       0 |    5882 |   0.0 |       0 |      25 |   0.0 |   783
               +---------+---------+-------+---------+---------+-------+---------
